 Dungeon Crawl Stone Soup version 0.32-a0-868-g153ae1a8d6 (webtiles) character file.

Game seed: 14800158469562473854

13611 bmack86 the Severer (level 11, -1/97 HPs)
             Began as a Minotaur Fighter on Mar 28, 2024.
             Was an Elder of Trog.
             Slain by a troll (13 damage)
             ... on level 12 of the Dungeon.
             The game lasted 00:25:25 (10086 turns).

bmack86 the Severer (Minotaur Fighter)             Turns: 10086, Time: 00:25:25

Health: -1/97      AC: 21    Str: 31    XL:     11   Next: 77%
Magic:  10/10      EV:  2    Int:  5    God:    Trog [****..]
Gold:   453        SH:  0    Dex: 10    Spells: 10/10 levels left

rFire   . . .        B - +2 battleaxe
rCold   . . .        (shield currently unavailable)
rNeg    . . .        E - +0 plate armour
rPois   .            (helmet restricted)
rElec   .            j - +2 cloak
rCorr   .            d - +2 pair of gloves
SInv    .            (no boots)
Will    .....        L - amulet of the acrobat Stlth
                     p - +5 ring of evasion
HPRegen 0.36/turn    s - +6 ring of strength
MPRegen 0.12/turn

%: acrobat
@: grasped by roots, on berserk cooldown, slowed, constricted, studying Axes,
very slow
A: horns 2, retaliatory headbutt
a: Renounce Religion, Berserk, Trog's Hand, Brothers in Arms


You were on level 12 of the Dungeon.
You worshipped Trog.
Trog was greatly pleased with you.
You visited 2 branches of the dungeon, and saw 13 of its levels.

You collected 578 gold pieces.
You spent 125 gold pieces at shops.

Inventory:

Hand Weapons
 a - a +0 war axe
 B - a +2 battleaxe (weapon)
Missiles
 D - 5 javelins
 F - a throwing net
Armour
 b - a +0 scale mail
 c - a +0 buckler
 d - a +2 pair of gloves (worn)
 j - a +2 cloak (worn)
 y - a +0 chain mail
 E - a +0 plate armour (worn)
Jewellery
 i - a ring of wizardry
 n - a ring of ice
 p - a +5 ring of evasion (left hand)
 s - a +6 ring of strength (right hand)
 w - a ring of fire
 G - a ring of poison resistance
 L - an amulet of the acrobat (around neck)
Wands
 r - a wand of flame (12) (quivered)
 t - a wand of roots (20)
 v - a wand of digging (7)
 H - a wand of polymorph (8)
 M - a wand of paralysis (6)
Scrolls
 f - 4 scrolls of teleportation
 o - 5 scrolls of poison
 q - a scroll of revelation
 x - 4 scrolls of fog
 C - 2 scrolls of fear
 N - 2 scrolls of blinking
Potions
 e - a potion of resistance
 g - 6 potions of curing
 h - 2 potions of mutation
 k - 3 potions of lignification
 l - 4 potions of attraction
 m - 2 potions of invisibility
 u - 2 potions of haste
 z - a potion of enlightenment
 A - 2 potions of heal wounds
 K - a potion of berserk rage


   Skills:
 * Level 9.6 Fighting
 + Level 19.6 Axes
 * Level 9.6 Armour
 - Level 5.0 Shields


You had 10 spell levels left.
You didn't know any spells.
Your spell library contained the following spells:

 Spells                   Type           Power      Damage    Failure   Level
 Call Imp                 Summ           0%         N/A       99%         2
 Sublimation of Blood     Necr           0%         N/A       99%         2
 Summon Hydra             Summ           0%         N/A       100%        7


Dungeon Overview and Level Annotations

Branches:
Dungeon (12/15)            Temple (1/1) D:5            Lair (0/5) D:11
    Orc: D:9-12

Altars:
Ashenzari
Cheibriados
Dithmenos
Elyvilon
Fedhas
Gozag
Hepliaklqana
Kikubaaqudgha
Makhleb
Nemelex Xobeh
Okawaru
Qazlal
Ru
Sif Muna
Trog
Uskayaw
Vehumet
Wu Jian
Xom
Yredelemnul
Zin
The Shining One

Shops:
D:5 *   D:10 *

Annotations:
D:6 1 runed translucent door, Darkkill's ghost, novice MiHu


Innate Abilities, Weirdness & Mutations

You have a pair of horns on your head.
You reflexively headbutt those who attack you in melee.


Message History

* * * LOW HITPOINT WARNING * * *
The troll bites you but does no damage. The troll closely misses you.
The troll completely misses you. Jorgrun misses you.
You hear a shout!
You hear a roar!
Things that are here:
a +0 giant club; a +0 giant club You feel a strong urge to attack something.
You miss Jorgrun.
Jorgrun is almost dead.
You hit the acid dragon but do no damage.
The acid dragon closely misses you. x2
You chop Jorgrun into pieces!!!
You kill Jorgrun!
Trog accepts your kill.
Trog appreciates your killing of a magic user.
You barely miss the troll. You slash the acid dragon!
You kill the acid dragon!
Trog accepts your kill.
You are no longer berserk.
You are exhausted.
You feel yourself slow down. The troll bites you!
* * * LOW HITPOINT WARNING * * *
The troll closely misses you. The troll claws you but does no damage.
Things that are here:
a +0 heavy quarterstaff; a +0 robe of willpower; the dwarf corpse of Jorgrun The troll attacks as it pursues you!
The troll bites you but does no damage. The troll completely misses you.
The troll misses you.
You slice the troll!! Your headbutt misses the troll.
The troll is heavily wounded.
An orc comes into view.
It is wielding a +0 heavy flail and carrying a wand of roots.
The troll barely misses you. The troll completely misses you.
The troll claws you but does no damage. The troll misses you.
You furiously retaliate!
You headbutt the troll! The troll closely misses you.
The troll claws you but does no damage.
You closely miss the troll. You headbutt the troll.
The troll is almost dead.
The orc zaps a wand.
The roots erupt in riotous growth!
The grasping roots grab you!
The troll is unaffected.
The grasping roots constrict you. The troll bites you!
You die...

#.......# #..(...>#
#.......# #.......#
#.......# #.......#
..##.####.......#
..o....@T.......#
..##.####).###..#
#..# #..# #..# #..#
#. #..........## #..#
#..# #.
#................#
#).#
#.##................#
#..#
#.##...........###..#
#..# #..............#
#..# #..#


You could see a troll and an orc.

Vanquished Creatures
  Jorgrun (D:12)
  3 two-headed ogres
  A skeletal warrior (D:8)
  Pikel (D:7)
  A manticore (D:12)
  An elephant (D:11)
  An unseen horror (D:11)
  A komodo dragon (D:11)
  A troll (D:11)
  A hornet (D:10)
  A shadow (D:9)
  5 wraiths
  15 yaks
  2 steam dragons
  3 vampire mosquitoes (D:10)
  2 acid dragons
  An orc warrior (D:9)
  2 water moccasins (D:7)
  An ice beast (D:7)
  A black bear (D:5)
  8 centaurs
  3 lemures (D:7)
  4 kobold brigands
  3 gnoll sergeants
  3 scorpions
  5 bullfrogs
  7 wights
  5 killer bees (D:11)
  4 electric eels (D:9)
  4 howler monkeys
  2 bombardier beetles
  2 hounds
  2 quasits (D:5)
  A gnoll bouda (D:9)
  2 jellies
  4 orc priests
  A sleepcap (D:6)
  2 iguanas
  10 orc wizards
  15 gnolls
  13 adders
  3 shadow imps
  3 white imps
  3 ufetubi
  2 ribbon worms (D:2)
  3 dart slugs
  26 orcs
  12 ball pythons
  9 bats
  3 endoplasms
  7 goblins
  8 hobgoblins
  22 kobolds
  2 quokkas
  A frilled lizard (D:2)
  4 rats
253 creatures vanquished.

Notes
Turn   | Place    | Note
-------+----------+-------------------------------------------
     0 | D:1      | bmack86 the Minotaur Fighter began the quest for the Orb.
     0 | D:1      | Reached XP level 1. HP: 19/19 MP: 0/0
   192 | D:1      | Reached XP level 2. HP: 26/26 MP: 1/1
   281 | D:1      | Reached skill level 3 in Axes
   631 | D:2      | Reached XP level 3. HP: 31/31 MP: 2/2
   766 | D:2      | Reached skill level 5 in Shields
   912 | D:2      | Identified the +6 spear of the Riding Gods {holy, rPois
                  | Dex+4}
  1340 | D:3      | Reached skill level 4 in Axes
  1341 | D:3      | Reached XP level 4. HP: 38/39 MP: 3/3
  1652 | D:3      | Found a faded altar of an unknown god.
  1923 | D:4      | Reached skill level 5 in Axes
  1941 | D:4      | Reached XP level 5. HP: 45/45 MP: 4/4
  2002 | D:4      | Reached skill level 6 in Axes
  2302 | D:4      | Reached skill level 7 in Axes
  2302 | D:4      | Reached XP level 6. HP: 48/51 MP: 5/5
  2584 | D:5      | Entered Level 5 of the Dungeon
  2605 | D:5      | Found a staircase to the Ecumenical Temple.
  2616 | Temple   | Entered the Ecumenical Temple
  2645 | Temple   | Became a worshipper of Trog the Wrathful
  2982 | D:5      | Reached skill level 8 in Axes
  2990 | D:5      | Found Yreke's General Store.
  3014 | D:5      | Bought a scroll of enchant armour for 105 gold pieces
  3029 | D:5      | Identified the +4 morningstar of Disgust {pain, rElec rC+}
  3510 | D:5      | Reached XP level 7. HP: 46/57 MP: 6/6
  3519 | D:5      | Reached skill level 9 in Axes
  3599 | D:6      | Reached * piety under Trog
  3600 | D:6      | Reached skill level 10 in Axes
  3761 | D:6      | Noticed a fire elemental
  3769 | D:6      | You fall into a shaft and drop 3 floors!
  3778 | D:9      | Noticed a steam dragon
  3779 | D:9      | Found a sparkling altar of Nemelex Xobeh.
  3787 | D:9      | Killed a steam dragon
  3788 | D:9      | Reached XP level 8. HP: 50/64 MP: 7/7
  3795 | D:9      | Reached skill level 11 in Axes
  3803 | D:9      | Reached skill level 12 in Axes
  3804 | D:9      | Reached skill level 13 in Axes
  3880 | D:9      | Reached XP level 9. HP: 21/70 MP: 8/8
  4213 | D:8      | Noticed a skeletal warrior
  4219 | D:8      | Reached skill level 14 in Axes
  4228 | D:8      | Killed a skeletal warrior
  4229 | D:8      | Reached skill level 15 in Axes
  4569 | D:7      | Identified the +0 quarterstaff of the Holding Asp {freeze,
                  | rN++ Int-5}
  4623 | D:6      | Reached skill level 16 in Axes
  4624 | D:6      | Reached ** piety under Trog
  4708 | D:6      | Found a stormy altar of Qazlal.
  4734 | D:6      | Found a snail-covered altar of Cheibriados.
  4830 | D:6      | Found a runed translucent door.
  4831 | D:6      | Noticed Darkkill's ghost (novice MiHu)
  5031 | D:7      | Noticed Pikel
  5047 | D:7      | Killed Pikel
  5048 | D:7      | Reached XP level 10. HP: 59/77 MP: 9/9
  5075 | D:7      | Reached skill level 17 in Axes
  5446 | D:8      | Identified a scroll of acquirement
  5446 | D:8      | Acquired a manual of Axes
  5631 | D:8      | Found an opulent altar of Gozag.
  5792 | D:8      | Found the +5 scythe "Finisher" {speed, execute}
  5898 | D:9      | Reached skill level 18 in Axes
  5920 | D:9      | Found a shadowy altar of Dithmenos.
  7409 | D:10     | Entered Level 10 of the Dungeon
  7434 | D:10     | Reached *** piety under Trog
  7539 | D:10     | Reached skill level 5 in Fighting
  7584 | D:10     | Reached skill level 5 in Armour
  7586 | D:10     | Found an iron altar of Okawaru.
  7594 | D:10     | Found an ornate altar of the Wu Jian Council.
  7713 | D:10     | Found a radiant altar of Vehumet.
  8244 | D:10     | Found a shimmering altar of Xom.
  8359 | D:10     | Found Poarig's CLEARANCE SALE!.
  8367 | D:10     | Paralysed by a hornet for 3 turns
  8541 | D:10     | Bought a scroll of identify for 8 gold pieces
  8541 | D:10     | Bought a potion of curing for 12 gold pieces
  8733 | D:11     | Noticed a two-headed ogre
  8741 | D:11     | Killed a two-headed ogre
  8742 | D:11     | Reached XP level 11. HP: 43/91 MP: 10/10
  9161 | D:11     | Reached **** piety under Trog
  9305 | D:11     | Reached skill level 19 in Axes
  9570 | D:11     | Found a staircase to the Lair.
 10048 | D:12     | Noticed a two-headed ogre
 10060 | D:12     | Killed a two-headed ogre
 10062 | D:12     | Noticed Jorgrun
 10065 | D:12     | Noticed a two-headed ogre
 10078 | D:12     | Killed a two-headed ogre
 10082 | D:12     | Killed Jorgrun
 10086 | D:12     | Slain by a troll

Illustrated notes

Levels and vault maps discovered:
D:1:      dpeg_arrival_connections, layout_basic, serial_corexii_hall,
          corexii_hall_statues_i, chequers_hall_statues_corner_a
D:2:      layout_basic
D:3:      layout_basic, shapermc_ecumenical_altar_hornbeckon
D:4:      layout_loops_ring
D:5:      layout_rooms, minmay_temple_entry_waves, serial_co_window_serial,
          co_window_paths_a, co_window_paths_a, co_window_of_opportunity_a,
          co_window_paths_a, co_window_paths_a, co_window_of_opportunity_c,
          co_window_broadway_b, co_window_2corner, co_window_unsneaky_path_a,
          co_window_paths_c, co_window_broadway_a, co_window_paths_c,
          co_window_4corner_b, serial_shops,
          nicolae_shop_competitors_out_of_business
D:6:      layout_rooms, nicolae_qazlal_style_of_elements,
          mainiacjoe_overflow_boulevard, gammafunk_ghost_grave, serial_demonic,
          serial_demonic_a, serial_demonic_e, serial_demonic_d, serial_demonic_b
D:7:      layout_rooms, uniq_pikel
D:8:      layout_rooms, mainiacjoe_overflow_alcove_4,
          minmay_guarded_unrand_finisher
D:9:      layout_loops_ring, lemuel_round_altar, grunt_dithmenos_smoke,
          serial_bayou_lake_a
D:10:     layout_loops_ring, kennysheep_little_box,
          minmay_overflow_temple_star_quad, nicolae_shop_clearance
D:11:     layout_roguey, grunt_lair_entry_orc_guard_hut, grunt_decor_arrowhead
D:12:     layout_long_grid, kennysheep_orc_monster_closet_entryway, uniq_jorgrun
Temple:   nicolae_temple_ecumenical_triangle

Skill      XL: |  1  2  3  4  5  6  7  8  9 10 11 |
---------------+----------------------------------+-----
Shields        | 4 5 |  5.0
Axes           | 3 4 5 7 8 10 13 16 18 19 | 19.6
Fighting       | 6 9 |  9.6
Armour         | 6 9 |  9.6

Action                     |  1- 3 |  4- 6 |  7- 9 | 10-12 || total
---------------------------+-------+-------+-------+-------++-------
  Melee: War axe           |    64 |   111 |   156 |    48 ||   379
         Headbutt          |     7 |    14 |    19 |    37 ||    77
         Battleaxe         |       |       |       |   192 ||   192
  Throw: Dart              |       |       |       |     1 ||     1
 Invoke: Berserk           |       |       |     1 |     2 ||     3
  Evoke: Wand              |       |     6 |     5 |    14 ||    25
    Use: Scroll            |     2 |    11 |     2 |     9 ||    24
         Potion            |       |       |     1 |     1 ||     2
 Armour: Scale mail        |    67 |    68 |    37 |       ||   172
         Chain mail        |       |       |    93 |       ||    93
         Plate armour      |       |       |     9 |   277 ||   286
  Dodge: Dodged            |    34 |   106 |   123 |   169 ||   432
  Block: Buckler           |    26 |    34 |    44 |    13 ||   117

Table legend: (Time is in decaauts)
 A = Elapsed time spent in this place.
 B = Non-inter-level travel time spent in this place.
 C = Inter-level travel time spent in this place.
 D = Time resting spent in this place.
 E = Time spent auto-exploring this place.
 F = Levels seen in this place.
 G = Mean time per level.
                   A        B        C        D        E       F      G
               +--------+--------+--------+--------+--------+-----+--------+
         Total |  10130 |   9842 |    288 |   1273 |   5965 |  13 |  779.2 |
       Dungeon |  10093 |   9805 |    288 |   1273 |   5965 |  12 |  841.1 |
        Temple |     36 |     36 |      0 |      0 |      0 |   1 |   36.0 |
               +--------+--------+--------+--------+--------+-----+--------+

Top non-repeatable levels by time:
     D:9: 2009 daAuts
    D:11: 1257 daAuts
    D:10: 1166 daAuts
     D:5: 943 daAuts
     D:8: 787 daAuts
     D:2: 775 daAuts
     D:4: 683 daAuts
     D:3: 590 daAuts
     D:1: 583 daAuts
     D:7: 563 daAuts
     D:6: 521 daAuts
    D:12: 212 daAuts
  Temple: 36 daAuts
